 Dungeon Crawl Stone Soup version 0.26-a0-720-g2a1d101370 (webtiles) character file.

Game seed: 2064265677653791449

19501 zaph0d the Thaumaturge (level 12, -17/94 HPs)
             Began as a Purple Draconian Conjurer on Nov 2, 2020.
             Was a Priest of Hepliaklqana.
             Demolished by Urug
             ... wielding a +5 demon trident
              (31 damage)
             ... on level 12 of the Dungeon on Nov 3, 2020.
             The game lasted 02:06:36 (13731 turns).

zaph0d the Thaumaturge (Purple Draconian Conjurer) Turns: 13731, Time: 02:06:37

Health: -17/94     AC: 11    Str:  9    XL:     12   Next: 37%
Magic:  24/35      EV: 15    Int: 26    God:    Hepliaklqana [***...]
Gold:   14         SH:  0    Dex: 11    Spells: 20/32 levels left

rFire    . . .     SeeInvis .   h - +7 quarterstaff (vorpal)
rCold    . . .     Faith    .   (shield currently unavailable)
rNeg     . . .     Spirit   .   (armour unavailable)
rPois    +         Reflect  .   (helmet restricted)
rElec    .         Harm     .   i - +0 cloak
rCorr    .         Rampage  .   a - +1 pair of gloves
MR       +....                  (no boots)
Stlth    +++.......             y - amulet of regeneration
HPRegen  0.65/turn              G - ring "Nettuc" {+Fly Str-2 Int+3 Dex+2}
MPRegen  0.24/turn              s - ring "Elouzousch" {rPois MP+9}

@: no status effects
A: breathe power, unfitting armour, reduced essence, robust 1, cold-blooded, AC
+8
a: Breathe Dispelling Energy, Recall Ancestor, Ancestor Identity, Transference,
Renounce Religion, Evoke Flight


You were on level 12 of the Dungeon.
You worshipped Hepliaklqana.
Hepliaklqana was most pleased with you.
You visited 1 branch of the dungeon, and saw 12 of its levels.
You visited 1 bazaar.
You also visited: Ice Cave.

You collected 788 gold pieces.
You spent 774 gold pieces at shops.

Inventory:

Hand Weapons
 h - a +7 vorpal quarterstaff (weapon)
Missiles
 e - 38 poisoned darts (quivered)
 l - 32 boomerangs
Armour
 a - a +1 pair of gloves (worn)
 i - a +0 cloak (worn)
Jewellery
 c - an uncursed ring of stealth {unknown}
 j - the ring "Jagery" {rC+ SInv}
   (You took it off an orc warrior on level 10 of the Dungeon)

   [ring of protection from cold]

   It protects you from cold.
   It lets you see invisible.
 o - the ring "Jurar" {rPois rC+ rN+++ Slay-4 SInv}
   (You took it off an ogre mage on level 10 of the Dungeon)

   [ring of protection from cold]

   It affects your accuracy and damage with ranged weapons and melee attacks
   (-4).
   It protects you from cold.
   It protects you from poison.
   It renders you almost immune to negative energy.
   It lets you see invisible.
 s - the ring "Elouzousch" (right hand) {rPois MP+9}
   (You acquired it on level 5 of the Dungeon)

   [ring of magical power]

   It protects you from poison.
   It affects your magic capacity (+9).
 u - the ring of Batohakaco {rElec rC+ EV+4 Dex+4}
   (You found it on level 6 of the Dungeon)

   [ring of evasion]

   It affects your evasion (+4).
   It affects your dexterity (+4).
   It protects you from cold.
   It insulates you from electricity.
 y - an amulet of regeneration (around neck)
 A - the ring of the Republic {+Fly rC+ Str-4 Int+2 Stlth+, unknown}
   (You found it on level 10 of the Dungeon)

   [ring of stealth]

   It affects your strength (-4).
   It affects your intelligence (+2).
   It protects you from cold.
   It lets you fly.
   It makes you more stealthy.
 B - the ring "Ameut" {*Drain +Fly Int+2 SInv, unknown}
   (You found it on level 10 of the Dungeon)

   [ring of flight]

   It affects your intelligence (+2).
   It lets you see invisible.
   It lets you fly.
   It causes draining when unequipped.
 C - a +4 ring of slaying {unknown}
 G - the ring "Nettuc" (left hand) {+Fly Str-2 Int+3 Dex+2}
   (You bought it in a shop on level 12 of the Dungeon)

   [ring of flight]

   It affects your strength (-2).
   It affects your intelligence (+3).
   It affects your dexterity (+2).
   It lets you fly.
Wands
 k - a wand of paralysis (5)
 p - a wand of disintegration (8)
 q - a wand of polymorph (16)
 t - a wand of iceblast (7)
 w - a wand of flame (27)
 x - a wand of random effects (19)
Scrolls
 b - 6 scrolls of amnesia
 d - 4 scrolls of identify
 f - 2 scrolls of teleportation
 g - 9 scrolls of remove curse
 n - a scroll of blinking
 r - 6 scrolls of magic mapping
 z - 2 scrolls of fog
 E - a scroll of fear
 H - a scroll of brand weapon
Potions
 m - 2 potions of flight
 v - 3 potions of brilliance


   Skills:
 + Level 5.5 Fighting
   Level 1.3 Short Blades
 + Level 8.5 Staves
 + Level 7.8 Throwing
 + Level 7.1 Dodging
 + Level 5.2 Stealth
 + Level 0.3 Unarmed Combat
 + Level 10.6 Spellcasting
 + Level 10.1 Conjurations
 + Level 0.1 Hexes
 + Level 0.2 Ice Magic


You had 20 spell levels left.
You knew the following spells:

 Your Spells              Type           Power        Failure   Level
a - Magic Dart            Conj           ####         1%          1
b - Searing Ray           Conj           ######       1%          2
c - Iskenderun's Mystic   Conj/Tloc      #####...     5%          4
d - Tukima's Dance        Hex            ##......     12%         3
e - Ensorcelled Hibernat  Hex/Ice        ##....       6%          2

Your spell library contained the following spells:

 Spells                   Type           Power        Failure   Level
 Dazzling Flash           Conj/Hex       #####.       1%          3
 Beastly Appendage        Tmut           ##....       4%          1
 Corona                   Hex            ##.....      4%          1
 Fulminant Prism          Conj/Hex       #####.....   5%          4
 Wereblood                Tmut           ##......     7%          2
 Confusing Touch          Hex            ##......     12%         3
 Spider Form              Tmut/Pois      ##........   13%         3
 Ice Form                 Ice/Tmut       ##......     38%         4
 Blade Hands              Tmut           ##........   77%         5


Dungeon Overview and Level Annotations

Branches:
Dungeon (12/15)            Temple (0/1) D:7            Lair (0/6) D:8
    Orc (0/2) D:9           IceCv (visited)

Altars:
Hepliaklqana
Kikubaaqudgha
Makhleb
Nemelex Xobeh
Okawaru
Ru
Uskayaw
Vehumet
Xom
Zin
The Shining One

Shops:
D:5 *   D:12 =

Annotations:
D:12 Urug


Innate Abilities, Weirdness & Mutations

You can breathe bolts of dispelling energy.
Your rich purple scales are hard. (AC +8)
You cannot fit into any form of body armour.
You are cold-blooded and may be slowed by cold attacks.
Your life essence is reduced to manifest your ancestor. (-10% HP)
You are robust. (+10% HP)


Message History

The searing ray hits Urug.
Urug is almost dead.
Urug closely misses you.
The searing ray hits Urug.
Urug is almost dead.
You finish channeling your searing ray.
Urug hits you from afar with a +5 demon trident!!
* * * LOW HITPOINT WARNING * * *
You feel better.
Urug looks more healthy.
Urug hits you from afar with a +5 demon trident!
* * * LOW HITPOINT WARNING * * *
Casting: Searing Ray (safe; 1% risk of failure)
Confirm with . or Enter, or press ? or * to list all spells.
Aiming: Searing Ray (safe; 1% risk of failure)
Press: ? - help, Shift-Dir - straight line, f/p - Urug
Aim: Urug, wielding a +5 demon trident and wearing a +1 scale mail of fire resistance (almost dead)
The searing ray misses Urug. (Press . to maintain the ray.) Urug hits you from afar with a +5 demon trident!!
You die...

##...## #.... ###..##
#(?(# #####...## #.
###..............########
#..#########...# #..#
#...# #..# #...# #..#
#...# #..# #...#


You could see Urug.

Vanquished Creatures
  A boulder beetle (D:10)
  A hydra (D:10)
  3 two-headed ogres
  An ogre mage (D:10)
  Sonja (D:12)
  An unseen horror (D:11)
  2 ugly things
  A deep elf mage (D:12)
  Maggie (D:7)
  A centaur skeleton (D:12)
  A rime drake (IceCv)
  A troll (D:10)
  A hornet (D:12)
  A wyvern (D:8)
  A basilisk (D:12)
  A yak (D:10)
  A water moccasin (D:10)
  2 soldier ants
  4 orc warriors
  14 ice beasts
  5 sky beasts
  A black bear (D:11)
  5 phantoms
  2 ogres
  3 centaurs
  A big kobold (D:11)
  4 bullfrogs
  2 scorpions (D:8)
  14 killer bees
  2 howler monkeys
  2 bullfrog zombies
  7 orc priests
  5 hounds
  2 jellies
  13 orc wizards
  Crazy Yiuf (D:2)
  Ijyb (D:4)
  Jessica (D:3)
  2 bullfrog skeletons
  An iguana (D:9)
  Natasha (D:2)
  6 worker ants
  Terence (D:3)
  A hound zombie (D:8)
  A worker ant zombie (D:10)
  Robin (D:2)
  17 gnolls
  15 adders
  3 shadow imps
  2 white imps (D:6)
  2 ufetubi
  2 oozes
  An adder skeleton (D:5)
  An adder zombie (D:9)
  5 worms
  2 dart slugs
  8 leopard geckos
  31 orcs
  7 giant cockroaches
  18 goblins
  11 hobgoblins
  6 jackals
  13 kobolds
  6 quokkas
  2 ball pythons
  4 bats
  6 frilled lizards
  A leopard gecko zombie (D:7)
  A quokka skeleton (D:6)
  9 rats
298 creatures vanquished.

Vanquished Creatures (collateral kills)
  Erica (D:11)
  2 unseen horrors
  An ugly thing (D:11)
  A manticore (D:12)
  A centaur zombie (D:12)
  A troll (D:10)
  A hornet (D:10)
  A wraith (D:10)
  A basilisk (D:12)
  7 ice beasts
  A sky beast (D:10)
  A black bear (D:9)
  2 orc warriors (D:12)
  A centaur (D:10)
  An ogre (D:6)
  A big kobold (D:10)
  5 bullfrogs
  4 killer bees
  2 howler monkeys (D:8)
  2 bullfrog zombies
  A jelly (D:11)
  An orc priest (D:7)
  A bullfrog skeleton (D:12)
  2 orc wizards
  4 worker ants
  2 hound skeletons
  3 gnolls
  4 adders
  2 shadow imps
  A white imp (D:8)
  An ooze (D:6)
  6 orcs
  A kobold (D:12)
66 creatures vanquished.

Vanquished Creatures (others)
  An orc wizard (D:3)
  7 knights
  9 ancestors
17 creatures vanquished.

Grand Total: 381 creatures vanquished

Notes
Turn   | Place    | Note
-------+----------+-------------------------------------------
     0 | D:1      | zaph0d the Draconian Conjurer began the quest for the Orb.
     0 | D:1      | Reached XP level 1. HP: 14/14 MP: 3/3
   166 | D:1      | Reached XP level 2. HP: 20/20 MP: 0/5
   170 | D:1      | Learned a level 2 spell: Searing Ray
   749 | D:1      | Reached XP level 3. HP: 26/26 MP: 3/6
  1186 | D:2      | Reached skill level 5 in Conjurations
  1618 | D:2      | Reached XP level 4. HP: 33/33 MP: 5/7
  1624 | D:2      | Learned a level 4 spell: Iskenderun's Mystic Blast
  1885 | D:2      | Noticed Robin
  1896 | D:2      | Killed Robin
  2079 | D:2      | Found an ancient bone altar of Kikubaaqudgha.
  2124 | D:2      | Noticed Natasha
  2133 | D:2      | Killed Natasha
  2278 | D:2      | Found an iron altar of Okawaru.
  2336 | D:2      | Found a runed translucent door.
  2337 | D:2      | Noticed Crazy Yiuf
  2344 | D:2      | Killed Crazy Yiuf
  2344 | D:2      | Reached skill level 1 in Short Blades
  2344 | D:2      | Reached XP level 5. HP: 18/39 MP: 4/9
  2556 | D:3      | Reached skill level 1 in Throwing
  2679 | D:3      | Noticed Jessica
  2681 | D:3      | Killed Jessica
  2681 | D:3      | Reached skill level 1 in Fighting
  2739 | D:3      | Noticed Terence
  2796 | D:3      | Killed Terence
  3086 | D:3      | Reached XP level 6. HP: 47/47 MP: 2/10
  3646 | D:3      | Reached skill level 1 in Staves
  4675 | D:4      | Gained mutation: Your body sometimes deteriorates upon
                  | taking damage. [potion of mutation]
  4675 | D:4      | Gained mutation: You evolve. [potion of mutation]
  4910 | D:4      | Gained mutation: You are robust. (+10% HP) [evolution]
  4975 | D:4      | Noticed an ice beast
  4988 | D:4      | Killed an ice beast
  4988 | D:4      | Your scales start taking on a rich purple colour.
  4988 | D:4      | Reached XP level 7. HP: 44/58 MP: 9/13
  5119 | D:4      | Noticed Ijyb
  5124 | D:4      | Killed Ijyb
  5465 | D:5      | Entered Level 5 of the Dungeon
  5467 | D:5      | Found a shimmering altar of Xom.
  5580 | D:5      | Found a hazy altar of Hepliaklqana.
  5593 | D:5      | Became a worshipper of Hepliaklqana the Forgotten
  5787 | D:5      | Identified a scroll of acquirement
  5787 | D:5      | Acquired the ring "Elouzousch" {rPois MP+9}
  6043 | D:5      | Reached skill level 5 in Spellcasting
  6088 | D:5      | Found Jisaxesh's Serpentskin Sales.
  6143 | D:5      | Bought 4 curare-tipped darts for 26 gold pieces
  6253 | D:6      | Found a sacrificial altar of Ru.
  6337 | D:6      | Reached XP level 8. HP: 54/61 MP: 15/15
  6611 | D:6      | Reached * piety under Hepliaklqana
  6723 | D:6      | Lost mutation: Your body sometimes deteriorates upon taking
                  | damage. [evolution]
  7502 | D:6      | Got a twitching bone ring
  7503 | D:6      | Identified the ring of Batohakaco {rElec rC+ EV+4 Dex+4}
                  | (You found it on level 6 of the Dungeon)
  7615 | D:7      | Found a hide-covered altar of Uskayaw.
  7783 | D:7      | Found a sparkling altar of Nemelex Xobeh.
  7784 | D:7      | Found a shimmering altar of Xom.
  7884 | D:7      | Reached XP level 9. HP: 68/68 MP: 19/19
  7986 | D:7      | Found Zin's Purification Station.
  7988 | D:7      | Found a glowing silver altar of Zin.
  7992 | D:7      | Bought a potion of curing for 90 gold pieces
  8029 | D:7      | Noticed Maggie
  8053 | D:7      | Killed Maggie
  8139 | D:7      | Found a glowing golden altar of the Shining One.
  8213 | D:7      | Found a shimmering altar of Xom.
  8292 | D:7      | Found a staircase to the Ecumenical Temple.
  8337 | D:7      | Found a burning altar of Makhleb.
  8526 | D:8      | Found a staircase to the Lair.
  8585 | D:8      | Reached skill level 5 in Staves
  8944 | D:8      | Reached ** piety under Hepliaklqana
  8945 | D:8      | Remembered your ancestor Beorhtric as a knight
  9014 | D:8      | Lost mutation: You evolve. [evolution]
  9297 | D:9      | Reached XP level 10. HP: 77/77 MP: 22/22
  9476 | D:9      | Found a radiant altar of Vehumet.
  9477 | D:9      | Found a staircase to the Orcish Mines.
  9511 | D:9      | Found a hazy altar of Hepliaklqana.
  9946 | D:10     | Entered Level 10 of the Dungeon
  9994 | D:10     | Reached *** piety under Hepliaklqana
 10057 | D:10     | Learned a level 3 spell: Tukima's Dance
 10801 | D:10     | Reached skill level 5 in Throwing
 10805 | D:10     | Learned a level 2 spell: Ensorcelled Hibernation
 10932 | D:10     | Reached skill level 5 in Dodging
 10977 | D:10     | Killed an unseen horror
 11195 | D:10     | Identified the ring "Jagery" {rC+ SInv}
 11204 | D:10     | Noticed a two-headed ogre
 11215 | D:10     | Killed a two-headed ogre
 11215 | D:10     | Reached XP level 11. HP: 83/83 MP: 24/24
 11260 | D:10     | Noticed a boulder beetle
 11281 | D:10     | Noticed a four-headed hydra
 11286 | D:10     | Killed a boulder beetle
 11613 | D:10     | Killed a four-headed hydra
 11669 | D:10     | Identified the ring "Jurar" {rPois rC+ rN+++ Slay-4 SInv}
 11669 | D:10     | Noticed an ogre mage
 11695 | D:10     | Killed an ogre mage
 11755 | D:10     | Got a brightly glowing brass ring
 11768 | D:10     | Got a scintillating marble ring
 11974 | D:11     | Noticed a brown ugly thing
 11984 | D:11     | Killed a brown ugly thing
 12105 | D:11     | Found a gate leading to a gauntlet.
 12128 | D:11     | Found a frozen archway.
 12147 | IceCv    | Entered an ice cave
 12257 | IceCv    | Reached skill level 5 in Stealth
 12525 | D:11     | Noticed Erica
 12525 | D:11     | Noticed a two-headed ogre
 12536 | D:11     | Killed a two-headed ogre
 12536 | D:11     | Reached skill level 10 in Spellcasting
 12538 | D:11     | Killed Erica
 12581 | D:11     | Found a flickering gateway to a bazaar.
 12581 | D:11     | Noticed a green ugly thing
 12594 | D:11     | Killed a green ugly thing
 12607 | Bazaar   | Entered a bazaar
 12619 | Bazaar   | Found Ykutom's Gadget Shoppe.
 12630 | Bazaar   | Found Udeak's Antique Armour Emporium.
 12636 | Bazaar   | Found Juurogik's Book Boutique.
 12641 | Bazaar   | Found Yblyufa's Antique Armour Emporium.
 12644 | Bazaar   | Bought a book of Changes for 350 gold pieces
 12832 | D:11     | Killed an unseen horror
 12832 | D:11     | Reached skill level 10 in Conjurations
 12924 | D:11     | Reached XP level 12. HP: 47/93 MP: 26/26
 13072 | D:12     | Reached skill level 5 in Fighting
 13238 | D:12     | Noticed Sonja
 13268 | D:12     | Found Jeeschaar's Jewellery Shop.
 13271 | D:12     | Killed Sonja
 13303 | D:12     | Bought the ring "Nettuc" {+Fly Str-2 Int+3 Dex+2} for 308
                  | gold pieces
 13692 | D:12     | Noticed Urug
 13692 | D:12     | Noticed a two-headed ogre
 13707 | D:12     | Killed a two-headed ogre
 13731 | D:12     | Demolished by Urug

Illustrated notes

Levels and vault maps discovered:
D:1:      noname_arrival_rooms_in_the_neighbourhood, layout_loops_ring
D:2:      layout_basic, kiku_gazebo_pond_becter, marbit_many_paths,
          uniq_crazy_yiuf_cottage, uniq_robin, uniq_natasha
D:3:      minmay_skewed_foursquare, layout_basic, uniq_terence, uniq_jessica
D:4:      layout_loops_ring, uniq_ijyb
D:5:      layout_rooms, lemuel_round_altar, basic_altar, guppyfry_shop_venom
D:6:      layout_basic, nicolae_ru_awakened_eye, hex_large
D:7:      layout_cave_pools, zin_purify, lemuel_doored_altar,
          nemelex_xobeh_ov_fountains_minmay, xom_butterflies,
          grunt_temple_overflow_open, minmay_temple_entry_mini_moons,
          xom_teletrap_fun, uniq_maggie
D:8:      layout_rooms, lair_entry_dummy
D:9:      layout_cross, vehumet_altar_wand_db, orc_0_dummy, basic_altar
D:10:     minmay_the_grid_triangle_9x9_rhombus_full
          [minmay_the_grid_triangle_9x9_steps,
          minmay_the_grid_triangle_9x9_zippers_horizontal,
          minmay_the_grid_triangle_9x9_from_above,
          minmay_the_grid_triangle_9x9_alien,
          minmay_the_grid_triangle_9x9_limited_checkers,
          minmay_the_grid_triangle_9x9_dagger,
          minmay_the_grid_triangle_9x9_semitri,
          minmay_the_grid_triangle_9x9_prize_special], layout_loops_corners
D:11:     layout_rooms, gauntlet_entry_generic,
          portal_ice_cave_entry_ice_beasts, serial_shops, bzr_entry_water,
          uniq_erica
D:12:     layout_long_grid, serial_shops, shop, nicolae_sextant, uniq_urug,
          uniq_sonja

Skill      XL: |  1  2  3  4  5  6  7  8  9 10 11 12 |
---------------+-------------------------------------+-----
Conjurations   | 5 6 7 8 9 10 | 10.1
Dodging        | 2 3 4 5 6 7 |  7.1
Short Blades   | 1 |  1.3
Stealth        | 2 3 4 5 |  5.2
Throwing       | 1 2 3 4 6 7 |  7.8
Spellcasting   | 3 4 5 6 8 9 10 | 10.6
Fighting       | 1 2 3 4 5 |  5.5
Staves         | 2 4 5 6 7 8 |  8.5
Unarmed Combat | |  0.3
Hexes          | |  0.1
Ice Magic      | |  0.2

Action                   |  1- 3 |  4- 6 |  7- 9 | 10-12 || total
-------------------------+-------+-------+-------+-------++-------
Melee: Mace              |     7 |       |       |       ||     7
       Unarmed           |     4 |       |       |       ||     4
       Tailslap          |     2 |       |     2 |    10 ||    14
       Short sword       |    29 |     2 |       |       ||    31
       Quarterstaff      |       |    42 |    57 |    97 ||   196
Throw: Dart              |       |    31 |    39 |    88 ||   158
 Cast: Magic Dart        |    71 |   109 |   131 |    96 ||   407
       Searing Ray       |       |    10 |    24 |    37 ||    71
       Tukima's Dance    |       |       |       |     1 ||     1
       Ensorcelled Hiber |       |       |       |     1 ||     1
Invok: Ancestor Identity |       |       |     1 |       ||     1
       Ancestor Life: Kn |       |       |     1 |       ||     1
  Use: Scroll            |     5 |     8 |     8 |     5 ||    26
       Potion            |     2 |     2 |     4 |     2 ||    10
 Stab: Petrifying        |       |     1 |       |       ||     1
       Sleeping          |       |       |       |     1 ||     1
       Distracted        |       |       |       |     1 ||     1
Armor: Skin              |    10 |    22 |    33 |    89 ||   154
Dodge: Dodged            |    20 |    41 |   153 |   161 ||   375

Table legend: (Time is in decaauts)
 A = Elapsed time spent in this place.
 B = Non-inter-level travel time spent in this place.
 C = Inter-level travel time spent in this place.
 D = Time resting spent in this place.
 E = Time spent auto-exploring this place.
 F = Levels seen in this place.
 G = Mean time per level.
                   A        B        C        D        E       F      G
               +--------+--------+--------+--------+--------+-----+--------+
         Total |  13703 |  13409 |    294 |   3225 |   7601 |  14 |  978.8 |
       Dungeon |  13329 |  13035 |    294 |   3072 |   7527 |  12 | 1110.8 |
        Bazaar |     80 |     80 |      0 |      0 |     43 |   1 |   80.0 |
      Ice Cave |    293 |    293 |      0 |    153 |     31 |   1 |  293.0 |
               +--------+--------+--------+--------+--------+-----+--------+

Top non-repeatable levels by time:
    D:10: 1912 daAuts
     D:3: 1828 daAuts
     D:2: 1465 daAuts
     D:6: 1375 daAuts
     D:4: 1098 daAuts
     D:1: 1060 daAuts
     D:7: 896 daAuts
     D:9: 798 daAuts
     D:5: 774 daAuts
    D:11: 763 daAuts
    D:12: 718 daAuts
     D:8: 637 daAuts
   IceCv: 293 daAuts
  Bazaar: 80 daAuts
